 Dungeon Crawl Stone Soup version 0.21-a0-94-gdd6ab6a (webtiles) character file.

50 Lavandula the Vexing (level 3, -6/26 HPs)
             Began as a Mummy Arcane Marksman on July 2, 2017.
             Was an Initiate of Kikubaaqudgha.
             Mangled by a gnoll
             ... wielding a +0 spear
              (9 damage)
             ... on level 3 of the Dungeon.
             The game lasted 00:02:31 (832 turns).

Lavandula the Vexing (Mummy Arcane Marksman)         Turns: 832, Time: 00:02:32

Health: -6/26      AC:  2    Str: 13    XL:     3   Next: 55%
Magic:  4/5        EV: 12    Int: 12    God:    Kikubaaqudgha [......]
Gold:   113        SH:  0    Dex: 13    Spells: 3/4 levels left

rFire    x . .     SeeInvis .   a - +0 hand crossbow
rCold    + . .     Gourm    .   (no shield)
rNeg     + + +     Faith    .   e - +0 robe
rPois    ∞         Spirit   .   (no helmet)
rElec    .         Reflect  .   (no cloak)
rCorr    .         Harm     .   (no gloves)
MR       .....                  (no boots)
Stlth    +.........             (no amulet)
HPRegen  0.08/turn              (no ring)
MPRegen  0.09/turn              (no ring)

@: no status effects
A: no food or potions, fire vulnerability, cold resistance 1, negative energy
resistance 3, torment resistance, unbreathing
a: Renounce Religion


You were on level 3 of the Dungeon.
You worshipped Kikubaaqudgha.
Kikubaaqudgha was noncommittal.
You were not hungry.

You visited 1 branch of the dungeon, and saw 4 of its levels.

You collected 113 gold pieces.

Inventory:

Hand Weapons
 a - a +0 hand crossbow (weapon)
 b - a +0 dagger
 f - a +2 dagger of speed
 j - a +0 spear of venom
Missiles
 d - 23 bolts (quivered)
Armour
 e - a +0 robe (worn)
Jewellery
 i - an uncursed amulet of magic regeneration {unknown}
Scrolls
 g - 2 scrolls of immolation {unknown}
 h - a scroll of identify {unknown}
Books
 c - a book of Debilitation

   Spells                             Type                      Level
   a - Corona                         Hexes                        1
   b - Slow                           Hexes                        2
   c - Inner Flame                    Hexes/Fire                   3
   d - Portal Projectile              Hexes/Translocation          3
   e - Cause Fear                     Hexes                        4
   f - Leda's Liquefaction            Hexes/Earth                  4


   Skills:
 - Level 1.0 Fighting
 + Level 2.9 Crossbows
 - Level 1.7 Dodging
 - Level 1.3 Spellcasting
 - Level 3.0 Hexes


You had 3 spell levels left.
You knew the following spells:

 Your Spells              Type           Power        Failure   Level  Hunger
a - Corona                Hex            #......      9%          1    N/A

Dungeon Overview and Level Annotations

Branches:
Dungeon (4/15)
 Temple: D:4-7

Altars:
Kikubaaqudgha


Innate Abilities, Weirdness & Mutations

You do not eat or drink.
Your flesh is vulnerable to fire.
You are immune to poison.
Your flesh is cold resistant. (rC+)
You are immune to negative energy. (rN+++)
You are immune to unholy pain and torment.
You can survive without breathing.


Message History

The gnoll is outlined in light.
The gnoll hits you from afar with a spear.
Firing (i - inventory):
d - 25 bolts (quivered)
Press: ? - help, Shift-Dir - straight line, f/p - gnoll
Aim: a gnoll, wielding a spear (softly glowing)
You shoot a bolt. The bolt hits the gnoll.
The gnoll is heavily wounded.
The gnoll hits you from afar with a spear!
* * * LOW HITPOINT WARNING * * *
Firing (i - inventory):
d - 24 bolts (quivered)
Press: ? - help, Shift-Dir - straight line, f/p - gnoll
Aim: a gnoll, wielding a spear (heavily wounded, softly glowing)
You shoot a bolt.
The bolt hits the gnoll but does no damage.
The gnoll is heavily wounded.
The gnoll hits you from afar with a spear.
* * * LOW HITPOINT WARNING * * *
The gnoll hits you from afar with a spear!
You die...
Kikubaaqudgha rasps: "You have failed me!
Welcome... oblivion!"

###.###### #.#
#.........##'#
#.#.#####.#...
#.#.# .....
#)#.# g......
#.#.# .........
#g#.#
...........
#.#..
....##......
#@#############
#....)........#
#############.#
#.# #.# #.# #.#
#†# #.#


You could see a gnoll.

Vanquished Creatures
  2 gnolls (D:3)
  An ooze (D:1)
  3 orcs (D:3)
  3 goblins
  4 hobgoblins
  2 jackals (D:2)
  3 bats
  A frilled lizard (D:2)
  3 kobolds (D:1)
  2 rats
24 creatures vanquished.

Notes
Turn   | Place    | Note
-------+----------+-------------------------------------------
     0 | D:1      | Lavandula the Mummy Arcane Marksman began the quest for the Orb.
     0 | D:1      | Reached XP level 1. HP: 15/15 MP: 2/2
     2 | D:1      | Noticed an elf
     4 | D:1      | Noticed a merfolk
     6 | D:1      | Noticed a demonspawn
     8 | D:1      | Noticed a naga
     8 | D:1      | Noticed a tengu
    10 | D:1      | Noticed a felid
    10 | D:1      | Noticed a troll
    12 | D:1      | Noticed a demigod
    14 | D:1      | Noticed a ghoul
    14 | D:1      | Noticed an octopode
    16 | D:1      | Noticed a centaur
    16 | D:1      | Noticed a vampire
    18 | D:1      | Noticed a vine stalker
    18 | D:1      | Noticed a dwarf
    20 | D:1      | Noticed a halfling
    20 | D:1      | Noticed a spriggan
    22 | D:1      | Noticed a human
    22 | D:1      | Noticed a draconian
    24 | D:1      | Noticed a gargoyle
    24 | D:1      | Noticed a minotaur
    26 | D:1      | Noticed a formicid
    26 | D:1      | Noticed an ogre
   107 | D:1      | Reached skill level 3 in Hexes
   142 | D:1      | Reached XP level 2. HP: 21/21 MP: 4/4
   463 | D:3      | Reached XP level 3. HP: 26/26 MP: 5/5
   477 | D:4      | Noticed a phantom
   594 | D:3      | Found an ancient bone altar of Kikubaaqudgha.
   605 | D:3      | Became a worshipper of Kikubaaqudgha
   832 | D:3      | Mangled by a gnoll

Vault maps used:
D:1:      kb_arrival_jail
D:2:      doesnt_xom_only_xom, uniq_terence
D:3:      kiku_gazebo_pond_becter
D:4:      old_standard_altar, minmay_misc_feat_ornament, uniq_eustachio,
          uniq_duvessa

Skill      XL: |  1  2 |
---------------+-------+-----
Hexes          | 3 |  3.0
Crossbows      | 2 |  2.9
Fighting       | |  1.0
Dodging        | |  1.7
Spellcasting   | |  1.3

Action                   || total
-------------------------++-------
 Fire: Hand crossbow     ||    52
 Cast: Corona            ||    14
Armor: Robe              ||     2
Dodge: Dodged            ||    11
